3A
BELLEVILLE BULLS @ IDAHO FALLS CHUKARS
07/19/2026
 
TOP OF THE 1ST
Belleville Bulls batting - Pitching for Idaho Falls Chukars : RHP Shotaro Sugahara
Pitching: RHP Shotaro Sugahara
Batting: RHB Vicente Mena 0-0: Ball
1-0: Ball
2-0: Called Strike
2-1: Called Strike
2-2: Strikes out swinging
Batting: RHB Elia Amberezzio 0-0: Ball
1-0: Called Strike
1-1: DOUBLE (Line Drive, 8LD)
Batting: LHB Armando Reyes 0-0: Fly out, F8 (Flyball, 8RS)
Batting: RHB José García 0-0: Ball
1-0: Called Strike
1-1: Ball
2-1: SINGLE (Groundball, 6MD)
Elia Amberezzio to third
Runner from 3rd tries for Home, SAFE, no throw
Batting: LHB José Gómez 0-0: Ball
1-0: Fly out, F7 (Line Drive, 7S)
Top of the 1st over - 1 run(s), 2 hit(s), 0 error(s), 1 left on base; Belleville 1 - Idaho Falls 0
BOTTOM OF THE 1ST
Idaho Falls Chukars batting - Pitching for Belleville Bulls : RHP Jesús Garces
Pitching: RHP Jesús Garces
Batting: RHB Alejandro Herrera 0-0: Called Strike
0-1: Ball
1-1: Fly out, F2 (Popup, 23)
Batting: RHB Dam Son 0-0: Swinging Strike
0-1: Foul Ball, location: 2F
0-2: Strikes out swinging, 2-3 out at first.
Batting: RHB Christian Gentry 0-0: Ball
1-0: Foul Ball, location: 2F
1-1: Swinging Strike
1-2: Ball
2-2: Ball
3-2: Base on Balls
Batting: RHB Alexandre Keeping 0-0: Foul Ball, location: 2F
0-1: Ball
1-1: Ball
Christian Gentry steals 2nd base
2-1: Ground out 6-3 (Groundball, 6S)
Bottom of the 1st over - 0 run(s), 0 hit(s), 0 error(s), 1 left on base; Belleville 1 - Idaho Falls 0
TOP OF THE 2ND
Belleville Bulls batting - Pitching for Idaho Falls Chukars : RHP Shotaro Sugahara
Batting: RHB Alejandro Serrato 0-0: Called Strike
0-1: Ball
1-1: Ball
2-1: Ground out 6-3 (Groundball, 56)
Batting: RHB Dean Summers 0-0: Ball
1-0: Foul Ball, location: 2F
1-1: Swinging Strike
1-2: Ball
2-2: Ground out 6-3 (Groundball, 6)
Batting: RHB Tomás Bermúdez 0-0: Ball
1-0: Foul Ball, location: 2F
1-1: Foul Ball, location: 2F
1-2: Ball
2-2: Fly out, F8 (Flyball, 78M)
Top of the 2nd over - 0 run(s), 0 hit(s), 0 error(s), 0 left on base; Belleville 1 - Idaho Falls 0
BOTTOM OF THE 2ND
Idaho Falls Chukars batting - Pitching for Belleville Bulls : RHP Jesús Garces
Batting: LHB Víctor Puente 0-0: Ball
1-0: Ground out 4-3 (Groundball, 4D)
Batting: RHB Jonah Cooney 0-0: Foul Ball, location: 2F
0-1: Foul Ball, location: 2F
0-2: Ball
1-2: Ground out 4-3 (Groundball, 4M)
Batting: LHB Shelby Noonan 0-0: DOUBLE (Line Drive, 89XD)
Batting: RHB Spencer Lyng 0-0: Foul Ball, location: 2F
0-1: Foul Ball, location: 2F
0-2: Ball
1-2: Ball
2-2: Foul Ball, location: 2F
2-2: Fly out, F8 (Flyball, 78M)
Bottom of the 2nd over - 0 run(s), 1 hit(s), 0 error(s), 1 left on base; Belleville 1 - Idaho Falls 0
TOP OF THE 3RD
Belleville Bulls batting - Pitching for Idaho Falls Chukars : RHP Shotaro Sugahara
Batting: RHB Ron Bernard 0-0: Ball
1-0: Called Strike
1-1: Swinging Strike
1-2: Ball
2-2: Ball
3-2: Foul Ball, location: 2F
3-2: Foul Ball, location: 2F
3-2: Strikes out looking
Batting: RHB Vicente Mena 0-0: Ball
1-0: Foul Ball, location: 2F
1-1: Ball
2-1: Swinging Strike
2-2: Strikes out swinging
Batting: RHB Elia Amberezzio 0-0: Called Strike
0-1: Called Strike
0-2: Fly out, F8 (Flyball, 8RM)
Top of the 3rd over - 0 run(s), 0 hit(s), 0 error(s), 0 left on base; Belleville 1 - Idaho Falls 0
BOTTOM OF THE 3RD
Idaho Falls Chukars batting - Pitching for Belleville Bulls : RHP Jesús Garces
Batting: RHB Fytor Ceia 0-0: Called Strike
0-1: Ball
1-1: Fly out, F8 (Flyball, 8RM)
Batting: RHB Alejandro Herrera 0-0: Ball
1-0: Fly out, F3 (Popup, 34)
Batting: RHB Dam Son 0-0: Reached on error, E4 (Groundball, 4)
Batting: RHB Christian Gentry 0-0: Ball
1-0: Ball
2-0: Ball
3-0: Called Strike
3-1: Called Strike
3-2: Base on Balls
Dam Son to second
Batting: RHB Alexandre Keeping 0-0: Called Strike
0-1: Ball
1-1: Foul Ball, location: 2F
1-2: SINGLE (Line Drive, 78M)
Dam Son to third
Christian Gentry to second
Runner from 3rd tries for Home, SAFE, no throw
Batting: LHB Víctor Puente 0-0: Called Strike
0-1: Ball
1-1: Ball
2-1: Swinging Strike
2-2: Foul Ball, location: 2F
2-2: Fly out, F4 (Line Drive, 4M)
Bottom of the 3rd over - 1 run(s), 1 hit(s), 1 error(s), 2 left on base; Belleville 1 - Idaho Falls 1
TOP OF THE 4TH
Belleville Bulls batting - Pitching for Idaho Falls Chukars : RHP Miguel Hernández
Pitching: RHP Miguel Hernández
Batting: LHB Armando Reyes 0-0: Called Strike
0-1: Ball
1-1: Ball
2-1: Ground out U3 (Groundball, 3)
Batting: RHB José García 0-0: Ball
1-0: Ground out 4-3 (Groundball, 4)
Batting: LHB José Gómez 0-0: Swinging Strike
0-1: Foul Ball, location: 2F
0-2: Strikes out swinging
Top of the 4th over - 0 run(s), 0 hit(s), 0 error(s), 0 left on base; Belleville 1 - Idaho Falls 1
BOTTOM OF THE 4TH
Idaho Falls Chukars batting - Pitching for Belleville Bulls : RHP Jesús Garces
Batting: RHB Jonah Cooney 0-0: Ball
1-0: Called Strike
1-1: Ball
2-1: Called Strike
2-2: Ball
3-2: DOUBLE (Flyball, 78D)
Batting: LHB Shelby Noonan 0-0: SINGLE (Groundball, 34D)
Jonah Cooney to third
Batting: RHB Spencer Lyng 0-0: Called Strike
0-1: Swinging Strike
0-2: Strikes out looking
Batting: RHB Fytor Ceia 0-0: Foul Ball, location: 2F
0-1: Ball
1-1: Called Strike
1-2: Foul Ball, location: 2F
1-2: Strikes out swinging
Batting: RHB Alejandro Herrera 0-0: Called Strike
0-1: Ball
1-1: Swinging Strike
1-2: SINGLE (Flyball, 89S)
Jonah Cooney scores
Shelby Noonan to second
Runner from 2nd tries for 3rd, OUT!
Bottom of the 4th over - 1 run(s), 3 hit(s), 0 error(s), 1 left on base; Belleville 1 - Idaho Falls 2
TOP OF THE 5TH
Belleville Bulls batting - Pitching for Idaho Falls Chukars : RHP Miguel Hernández
Batting: RHB Alejandro Serrato 0-0: Called Strike
0-1: Ball
1-1: Foul Ball, location: 2F
1-2: SINGLE (Groundball, 4D)
Batting: RHB Dean Summers 0-0: Ball
1-0: Bunt missed!
1-1: Bunt missed!
1-2: Ball
2-2: Ball
3-2: Strikes out swinging
Batting: RHB Tomás Bermúdez 0-0: Called Strike
0-1: Ball
1-1: Foul Ball, location: 2F
1-2: Foul Ball, location: 2F
1-2: Fly out, F9 (Flyball, 9LS)
Batting: RHB Ron Bernard 0-0: SINGLE (Groundball, 56D)
Alejandro Serrato to second
Batting: RHB Vicente Mena 0-0: Ball
1-0: SINGLE (Line Drive, 7LS)
Alejandro Serrato to third
Ron Bernard to second
Batting: RHB Elia Amberezzio 0-0: Ball
1-0: Ball
2-0: Called Strike
2-1: Foul Ball, location: 2F
2-2: Foul Ball, location: 2F
2-2: Ball
3-2: Ground out 4-3 (Groundball, 4MS)
Top of the 5th over - 0 run(s), 3 hit(s), 0 error(s), 3 left on base; Belleville 1 - Idaho Falls 2
BOTTOM OF THE 5TH
Idaho Falls Chukars batting - Pitching for Belleville Bulls : RHP Jesús Garces
Batting: RHB Dam Son 0-0: Ball
1-0: Ball
2-0: Ball
3-0: Base on Balls
Batting: RHB Christian Gentry 0-0: Ball
1-0: Swinging Strike
1-1: SINGLE (Line Drive, 8LS)
Dam Son to second
Batting: RHB Alexandre Keeping 0-0: Swinging Strike
0-1: SINGLE (Groundball, 6MD)
Dam Son to third
Christian Gentry to second
Batting: LHB Víctor Puente 0-0: Called Strike
0-1: Called Strike
0-2: Foul Ball, location: 2F
0-2: SINGLE (Groundball, 4) (infield hit)
Dam Son scores
Christian Gentry to third
Alexandre Keeping to second
Batting: RHB Jonah Cooney 0-0: Foul Ball, location: 2F
0-1: Called Strike
0-2: Ball
1-2: Foul Ball, location: 2F
1-2: Ball
2-2: Fly out, F5 (Popup, 5D)
Batting: LHB Shelby Noonan 0-0: Ball
1-0: Foul Ball, location: 2F
1-1: SINGLE (Line Drive, 8RS)
Christian Gentry scores
Alexandre Keeping to third
Víctor Puente to second
Batting: RHB Spencer Lyng 0-0: Ball
1-0: Ball
2-0: Foul Ball, location: 2F
2-1: Fly out, F9 (Flyball, 9S)
Batting: RHB Fytor Ceia 0-0: Fielders Choice at 2nd, 5-4 (Groundball, 56)
Bottom of the 5th over - 2 run(s), 4 hit(s), 0 error(s), 2 left on base; Belleville 1 - Idaho Falls 4
TOP OF THE 6TH
Belleville Bulls batting - Pitching for Idaho Falls Chukars : RHP Miguel Hernández
Batting: LHB Armando Reyes 0-0: Fly out, F7 (Line Drive, 7LD)
Batting: RHB José García 0-0: Foul Ball, location: 2F
0-1: Ball
1-1: Ball
2-1: Foul Ball, location: 2F
2-2: Strikes out looking
Batting: LHB José Gómez 0-0: Foul Ball, location: 2F
0-1: SINGLE (Groundball, 6MD)
Batting: RHB Alejandro Serrato 0-0: Called Strike
0-1: Ball
1-1: SINGLE (Line Drive, 8LS)
José Gómez to second
Batting: RHB Dean Summers 0-0: Ball
1-0: Ball
2-0: Foul Ball, location: 2F
2-1: Swinging Strike
2-2: Strikes out looking
Top of the 6th over - 0 run(s), 2 hit(s), 0 error(s), 2 left on base; Belleville 1 - Idaho Falls 4
BOTTOM OF THE 6TH
Idaho Falls Chukars batting - Pitching for Belleville Bulls : RHP Jesús Garces
Batting: RHB Alejandro Herrera 0-0: Ground out 4-3 (Groundball, 4)
Batting: RHB Dam Son 0-0: Foul Ball, location: 2F
0-1: Ball
1-1: Foul Ball, location: 2F
1-2: Strikes out looking
Batting: RHB Christian Gentry 0-0: Ball
1-0: Ball
2-0: Called Strike
2-1: Foul Ball, location: 2F
2-2: Ball
3-2: Base on Balls
Batting: RHB Alexandre Keeping 0-0: Ball
1-0: Called Strike
Christian Gentry steals 2nd base
1-1: Ball
2-1: SINGLE (Groundball, 3D)
Christian Gentry to third
Runner from 3rd tries for Home, SAFE, no throw
Batting: LHB Víctor Puente 0-0: Ball
Alexandre Keeping steals 2nd base
1-0: SINGLE (Groundball, 34D)
Alexandre Keeping to third
Runner from 3rd tries for Home, SAFE, no throw
Pitching: LHP Francisco Jiménez
Batting: RHB Jonah Cooney 0-0: Ball
1-0: Called Strike
1-1: Fly out, F7 (Line Drive, 78M)
Bottom of the 6th over - 2 run(s), 2 hit(s), 0 error(s), 1 left on base; Belleville 1 - Idaho Falls 6
TOP OF THE 7TH
Belleville Bulls batting - Pitching for Idaho Falls Chukars : RHP Miguel Hernández
Pitching: RHP Bartolo Ramírez
Batting: RHB Tomás Bermúdez 0-0: SINGLE (Groundball, 4MS) (infield hit)
Batting: RHB Ron Bernard 0-0: Ball
1-0: Called Strike
1-1: Called Strike
1-2: Foul Ball, location: 2F
1-2: Foul Ball, location: 2F
1-2: Ball
Tomás Bermúdez is caught stealing 2nd base
2-2: Foul Ball, location: 2F
2-2: Foul Ball, location: 2F
2-2: Foul Ball, location: 2F
2-2: Ball
3-2: Ground out 4-3 (Groundball, 4)
Batting: RHB Vicente Mena 0-0: Called Strike
0-1: Ball
1-1: Fly out, F7 (Line Drive, 7D)
Top of the 7th over - 0 run(s), 1 hit(s), 0 error(s), 0 left on base; Belleville 1 - Idaho Falls 6
BOTTOM OF THE 7TH
Idaho Falls Chukars batting - Pitching for Belleville Bulls : LHP Francisco Jiménez
Batting: LHB Shelby Noonan 0-0: Fly out, F9 (Line Drive, 9D)
Batting: RHB Spencer Lyng 0-0: Called Strike
0-1: Foul Ball, location: 2F
0-2: Ball
1-2: Ball
2-2: Ball
3-2: Fly out, F7 (Flyball, 78S)
Batting: RHB Fytor Ceia 0-0: Ball
1-0: Ball
2-0: SINGLE (Groundball, 6D)
Batting: RHB Alejandro Herrera 0-0: Called Strike
0-1: Ball
1-1: Ball
2-1: Foul Ball, location: 2F
2-2: Ball
3-2: Strikes out swinging
Bottom of the 7th over - 0 run(s), 1 hit(s), 0 error(s), 1 left on base; Belleville 1 - Idaho Falls 6
TOP OF THE 8TH
Belleville Bulls batting - Pitching for Idaho Falls Chukars : RHP Bartolo Ramírez
Now at 2B: Jason Adomo
Batting: RHB Elia Amberezzio 0-0: Foul Ball, location: 2F
0-1: Ball
1-1: SINGLE (Groundball, 56D)
Batting: LHB Armando Reyes 0-0: Foul Ball, location: 2F
0-1: SINGLE (Groundball, 4MD)
Elia Amberezzio to second
Runner from 2nd tries for 3rd, SAFE, no throw
Batting: RHB José García 0-0: Called Strike
0-1: Swinging Strike
0-2: Ball
1-2: Grounds into double play, 5-4-3 (Groundball, 56)
Elia Amberezzio scores
Batting: LHB José Gómez 0-0: Ball
1-0: Ball
2-0: Ball
3-0: Foul Ball, location: 2F
3-1: Swinging Strike
3-2: Ground out 5-3 (Groundball, 56)
Top of the 8th over - 1 run(s), 2 hit(s), 0 error(s), 0 left on base; Belleville 2 - Idaho Falls 6
BOTTOM OF THE 8TH
Idaho Falls Chukars batting - Pitching for Belleville Bulls : LHP Francisco Jiménez
Batting: RHB Dam Son 0-0: Called Strike
0-1: Called Strike
0-2: Ball
1-2: Strikes out swinging
Batting: RHB Christian Gentry 0-0: SINGLE (Groundball, 6M) (infield hit)
Batting: RHB Alexandre Keeping 0-0: Ball
1-0: Fielders Choice at 2nd, 4-6 (Groundball, 4)
Batting: LHB Víctor Puente 0-0: Called Strike
0-1: Foul Ball, location: 2F
0-2: Foul Ball, location: 2F
0-2: Ball
Alexandre Keeping steals 2nd base
1-2: Foul Ball, location: 2F
1-2: Strikes out looking
Bottom of the 8th over - 0 run(s), 1 hit(s), 0 error(s), 1 left on base; Belleville 2 - Idaho Falls 6
TOP OF THE 9TH
Belleville Bulls batting - Pitching for Idaho Falls Chukars : RHP Bartolo Ramírez
Pitching: RHP Paco Manuel
Batting: RHB Alejandro Serrato 0-0: Ball
1-0: Swinging Strike
1-1: Foul Ball, location: 2F
1-2: Strikes out swinging
Batting: RHB Dean Summers 0-0: Foul Ball, location: 2F
0-1: Foul Ball, location: 2F
0-2: Foul Ball, location: 2F
0-2: Ball
1-2: Foul Ball, location: 2F
1-2: Ball
2-2: Ball
3-2: Base on Balls
Batting: RHB Tomás Bermúdez 0-0: Swinging Strike
0-1: Swinging Strike
0-2: Ball
1-2: SINGLE (Groundball, 6D)
Dean Summers to second
Batting: RHB Ron Bernard 0-0: Called Strike
0-1: Ball
1-1: Fly out, F9 (Flyball, 9S)
Batting: RHB Vicente Mena 0-0: DOUBLE (Line Drive, 7LM)
Dean Summers scores
Tomás Bermúdez to third
Runner from 3rd tries for Home, SAFE, no throw
Batting: RHB Elia Amberezzio Error on foul ball, E5
0-1: Foul Ball, location: 2F
0-2: Strikes out looking
Top of the 9th over - 2 run(s), 2 hit(s), 1 error(s), 1 left on base; Belleville 4 - Idaho Falls 6
Monday, March 20th, 2017 - OOTP Baseball 17.12 Build 75